 Dungeon Crawl Stone Soup version 0.25-a0-1119-g28b6fd0c3b (webtiles) character file.

Game seed: 2302035300103310011, levelgen mode: deterministic

6878 Lanoc the Grappler (level 10, -1/147 HPs)
             Began as a Troll Transmuter on May 17, 2020.
             Was a High Priest of Makhleb.
             Slain by a two-headed ogre
             ... wielding a +0 giant club
              (5 damage)
             ... on level 11 of the Dungeon.
             The game lasted 00:14:25 (6674 turns).

Lanoc the Grappler (Troll Transmuter)               Turns: 6674, Time: 00:14:26

Health: -1/147     AC: 25    Str: 17 (20) XL:     10   Next: 78%
Magic:  10/10      EV:  1    Int:  7 (10) God:    Makhleb [*****.]
Gold:   654        SH:  0    Dex: 16 (18) Spells: 5/11 levels left

rFire    . . .     SeeInvis .     - Unarmed
rCold    . . .     Gourm    +   (no shield)
rNeg     + + +     Faith    .   (armour currently unavailable)
rPois    +         Spirit   .   (helmet currently unavailable)
rElec    .         Reflect  .   (cloak currently unavailable)
rCorr    .         Harm     .   (gloves unavailable)
MR       .....     NoTele   +   (boots unavailable)
Stlth    +.........             (no amulet)
HPRegen  0.74/turn              t - +6 ring of dexterity
MPRegen  0.12/turn              s - ring of wizardry

@: mighty, tree-form, very slightly contaminated, hasted, very quick
A: large, unfitting armour, fast metabolism 3, gourmand, regeneration 1
a: Minor Destruction, Lesser Servant of Makhleb, Major Destruction, Greater
Servant of Makhleb, Renounce Religion


You were on level 11 of the Dungeon.
You worshipped Makhleb.
Makhleb was extremely pleased with you.
You were not hungry.
You were a tree.
You visited 2 branches of the dungeon, and saw 12 of its levels.
You also visited: Ossuary.

You collected 654 gold pieces.

Inventory:

Missiles
 a - 181 arrows
Armour
 r - the +0 robe "Canuledeg" (melded) {rPois rF+ rN+ Str+5}
   (You found it on level 4 of the Dungeon)

   It affects your strength (+5).
   It protects you from fire.
   It protects you from poison.
   It protects you from negative energy.
 F - a +1 hat (melded)
Jewellery
 h - an uncursed ring of flight
 s - a ring of wizardry (right branch)
 t - a +6 ring of dexterity (left branch)
Wands
 c - a wand of paralysis (11)
 o - a wand of polymorph (8)
 w - a wand of disintegration (9)
 y - a wand of random effects (43)
 B - a wand of digging (7)
Scrolls
 i - 3 scrolls of fog
 l - 4 scrolls of remove curse
 n - 8 scrolls of teleportation
 C - a scroll of magic mapping
 D - a scroll of identify
Potions
 b - 7 potions of curing
 e - 2 potions of invisibility
 f - 2 potions of brilliance
 g - a potion of resistance
 j - a potion of haste
 m - a potion of might
 p - 3 potions of magic
 u - 3 potions of stabbing
Comestibles
 d - 28 rations


   Skills:
 + Level 6.2 Fighting
 + Level 6.3 Dodging
 * Level 10.9 Unarmed Combat
 - Level 1.2 Spellcasting
 + Level 5.8 Transmutations


You had 5 spell levels left.
You knew the following spells:

 Your Spells              Type           Power        Failure   Level  Hunger
a - Beastly Appendage     Tmut           #.....       1%          1    ##.....
b - Sticks to Snakes      Tmut           #.......     2%          2    ###....
c - Spider Form           Tmut/Pois      #.........   16%         3    ####...

Your spell library contained the following spells:

 Spells                   Type           Power        Failure   Level  Hunger
 Magic Dart               Conj           #...         16%         1    ##.....
 Blink                    Tloc           N/A          26%         2    ###....
 Call Imp                 Summ           #.......     26%         2    ###....
 Slow                     Hex            #.......     26%         2    ###....
 Blade Hands              Tmut           #.........   38%         5    ######.
 Conjure Flame            Conj/Fire      #.......     43%         3    ####...
 Mephitic Cloud           Conj/Pois/Air  #.......     43%         3    ####...
 Ice Form                 Ice/Tmut       #.......     43%         4    #####..


Dungeon Overview and Level Annotations

Branches:
Dungeon (11/15)            Temple (1/1) D:4            Lair (0/6) D:8
Ossuary (visited)
    Orc: D:9-12

Altars:
Hepliaklqana
Kikubaaqudgha
Makhleb

Shops:
D:10 :


Innate Abilities, Weirdness & Mutations

You are too large for most types of armour.
((You have claws for hands.))
Your metabolism is lightning-fast.
You like to eat raw meat.
Your natural rate of healing is unusually fast.
((You are covered in fur. (AC +1)))
((You have extremely tough skin. (AC +3)))


Message History

You hit the centaur warrior.
The centaur warrior is moderately wounded.
The two-headed ogre hits you with a +0 giant club.
* * * LOW HITPOINT WARNING * * *
The two-headed ogre hits you with a +0 giant spiked club!!
* * * LOW HITPOINT WARNING * * *
The centaur warrior hits you but does no damage.
You smack the centaur warrior!
The centaur warrior is heavily wounded.
You catch the helpless centaur warrior completely off-guard!
You smack the centaur warrior!
The centaur warrior is heavily wounded.
You carefully extract the barbed spikes from your body.
The centaur warrior hits you but does no damage.
You feel very mighty all of a sudden.
You flicker back into view.
The centaur warrior completely misses you.
The two-headed ogre hits you with a +0 giant club!
* * * LOW HITPOINT WARNING * * *
The two-headed ogre hits you with a +0 giant spiked club.
You die...

###.############
....r.c♣OhT(...#
####.#####.###.#
#.## #.#
#H##.##T# ...
#...# #.# #.#.#
... .!##†# r#
#h# #.########
..# #.#..O...#


You could see a centaur warrior, a two-headed ogre, a troll, a hound and a
quokka.

Vanquished Creatures
  A two-headed ogre (D:8)
  A manticore (shapeshifter) (D:11)
  4 hippogriffs
  Eustachio (D:5)
  3 hogs (D:7)
  A wyvern (D:10)
  A human (D:7)
  A basilisk (D:11)
  A yak (D:7)
  Grum (D:10)
  Duvessa (D:6)
  A black bear (D:7)
  An orc warrior (D:7)
  3 ice beasts
  2 sky beasts
  3 wolves (D:10)
  2 ogres
  A necrophage (D:6)
  4 centaurs
  A crocodile (D:7)
  2 elf zombies (Ossuary)
  A big kobold (D:8)
  Dowan (D:6)
  3 elf skeletons (D:5)
  A wyvern skeleton (D:8)
  2 scorpions (D:7)
  5 wights (D:10)
  4 killer bees
  A howler monkey (D:5)
  2 human zombies (Ossuary)
  A bullfrog zombie (D:10)
  2 jellies
  2 centaur zombies
  3 centaur skeletons
  2 hounds
  2 human skeletons (D:5)
  A bullfrog skeleton (D:4)
  2 iguanas
  5 worker ants
  4 orc wizards
  2 hound skeletons
  2 mummies (Ossuary)
  2 worker ant zombies
  A howler monkey zombie (D:5)
  11 adders
  A howler monkey skeleton (D:5)
  A shadow imp (D:6)
  An adder zombie (Ossuary)
  4 worms
  2 dart slugs
  4 leopard geckos
  20 orcs
  A bat (D:3)
  12 giant cockroaches
  7 goblins
  8 hobgoblins
  13 jackals
  3 quokkas
  2 ball pythons
  3 frilled lizards
  A giant cockroach zombie (D:5)
  10 hobgoblin zombies (Ossuary)
  2 jackal zombies (Ossuary)
  8 kobolds
  7 kobold zombies (Ossuary)
  A leopard gecko zombie (D:7)
  10 orc zombies
  A quokka skeleton (D:4)
  5 rats
  2 rat zombies (Ossuary)
227 creatures vanquished.

Vanquished Creatures (others)
  A killer bee (D:11)
1 creature vanquished.

Grand Total: 228 creatures vanquished

Notes
Turn   | Place    | Note
-------+----------+-------------------------------------------
     0 | D:1      | Lanoc the Troll Transmuter began the quest for the Orb.
     0 | D:1      | Reached XP level 1. HP: 18/18 MP: 1/1
   124 | D:1      | Reached skill level 1 in Fighting
   164 | D:1      | Reached XP level 2. HP: 27/27 MP: 0/2
   222 | D:2      | Found an ancient bone altar of Kikubaaqudgha.
   358 | D:2      | Reached XP level 3. HP: 33/33 MP: 3/3
   834 | D:3      | HP: 1/33 [poisoned by an adder]
   840 | D:3      | HP: 1/33 [poisoned by an adder]
   976 | D:3      | Learned a level 2 spell: Sticks to Snakes
  1012 | D:3      | Reached XP level 4. HP: 41/41 MP: 2/4
  1101 | D:3      | Reached skill level 4 in Unarmed Combat
  1378 | D:3      | Found a faded altar of an unknown god.
  1392 | D:3      | Became a worshipper of Makhleb the Destroyer
  1392 | D:3      | Reached * piety under Makhleb
  1568 | D:4      | Reached XP level 5. HP: 40/49 MP: 5/5
  1569 | D:4      | Got a fine robe
  1580 | D:4      | Identified the cursed +0 robe "Canuledeg" {rPois rF+ rN+
                  | Str+5} (You found it on level 4 of the Dungeon)
  1788 | D:4      | Found a staircase to the Ecumenical Temple.
  1825 | Temple   | Entered the Ecumenical Temple
  1863 | D:4      | Reached XP level 6. HP: 57/57 MP: 4/6
  2148 | D:5      | Entered Level 5 of the Dungeon
  2153 | D:5      | Learned a level 3 spell: Spider Form
  2188 | D:5      | Noticed Eustachio
  2210 | D:5      | Killed Eustachio
  2210 | D:5      | Reached skill level 5 in Unarmed Combat
  2328 | D:5      | Noticed a sky beast
  2336 | D:5      | Killed a sky beast
  2336 | D:5      | Reached XP level 7. HP: 66/66 MP: 7/7
  2417 | D:5      | Reached ** piety under Makhleb
  2419 | D:5      | Found a sand-covered staircase.
  2429 | D:5      | Reached skill level 6 in Unarmed Combat
  2461 | Ossuary  | Entered an ossuary
  2632 | Ossuary  | Reached *** piety under Makhleb
  2632 | Ossuary  | Reached XP level 8. HP: 75/75 MP: 8/8
  3405 | D:6      | Reached skill level 7 in Unarmed Combat
  3429 | D:6      | Noticed Duvessa
  3429 | D:6      | Noticed Dowan
  3438 | D:6      | Killed Duvessa
  3441 | D:6      | Killed Dowan
  3932 | D:6      | Found a hazy altar of Hepliaklqana.
  4048 | D:7      | Reached **** piety under Makhleb
  4084 | D:7      | Reached skill level 8 in Unarmed Combat
  4085 | D:7      | Reached XP level 9. HP: 84/85 MP: 7/9
  4229 | D:7      | Reached skill level 5 in Dodging
  4275 | D:7      | Reached skill level 9 in Unarmed Combat
  4580 | D:8      | Noticed a two-headed ogre
  4585 | D:8      | Killed a two-headed ogre
  4585 | D:8      | Reached skill level 5 in Fighting
  4585 | D:8      | Reached skill level 5 in Transmutations
  4757 | D:8      | Reached XP level 10. HP: 85/96 MP: 8/10
  4856 | D:8      | Found a staircase to the Lair.
  4933 | D:8      | Got a pitted ring mail
  5133 | D:8      | Reached ***** piety under Makhleb
  5133 | D:8      | Reached skill level 10 in Unarmed Combat
  5459 | D:9      | You fall into a shaft and drop 1 floor!
  5459 | D:10     | Entered Level 10 of the Dungeon
  5788 | D:10     | Found Xycaadeh's Book Shop.
  5811 | D:10     | Noticed Grum
  5825 | D:10     | Killed Grum
  6378 | D:11     | Noticed a manticore
  6380 | D:11     | Noticed a frost giant
  6383 | D:11     | Noticed a two-headed ogre
  6615 | D:11     | Noticed a two-headed ogre
  6645 | D:11     | Noticed a manticore
  6646 | D:11     | Noticed a centaur warrior
  6667 | D:11     | Killed a manticore
  6674 | D:11     | HP: 4/147 [two-headed ogre/+0 giant club (14)]
  6674 | D:11     | Slain by a two-headed ogre

Illustrated notes

Levels and vault maps discovered:
D:1:      lemuel_arrival_behind_the_door_small, layout_loops_ring
D:2:      layout_loops_corners, overflow_temple_1_default
D:3:      minmay_roachtagon, layout_basic, chequers_ecumenical_altar_simple,
          first_ration, minmay_starry_boxes
D:4:      layout_rooms, minmay_temple_entry_overgrown
D:5:      layout_gridville, nicolae_ossuary_entry_catacombs,
          chequers_serial_rivers_small_a, minmay_hedge_maze,
          corexii_leaking_fountain, uniq_eustachio
D:6:      layout_rooms, lemuel_coloured_pillars_altar, uniq_duvessa
D:7:      layout_rooms, grunt_livestock, minmay_holes
D:8:      layout_basic, lair_entry_dummy
D:9:      layout_loops_cross, lemuel_doored_altar, trog_eyes_of_draining,
          orc_0_dummy, uniq_pikel
D:10:     layout_irregular_city, serial_shops, kennysheep_mini, uniq_grum
D:11:     minmay_the_grid_square_5x5_4x4 [minmay_the_grid_square_5x5_bite,
          minmay_the_grid_square_5x5_hollow_slash,
          minmay_the_grid_square_5x5_longway,
          minmay_the_grid_square_5x5_tetrominoes,
          minmay_the_grid_square_5x5_inset,
          minmay_the_grid_square_5x5_prize_monsterx,
          minmay_the_grid_square_5x5_prize_deathbox,
          minmay_the_grid_square_5x5_forky,
          minmay_the_grid_square_5x5_sharp_hourglass,
          minmay_the_grid_square_5x5_prize_itemx,
          minmay_the_grid_square_5x5_prize_gold,
          minmay_the_grid_square_5x5_intrusive_squares,
          minmay_the_grid_square_5x5_spiral_small,
          minmay_the_grid_square_5x5_three, minmay_the_grid_square_5x5_n,
          minmay_the_grid_square_5x5_almost_minimal], layout_basic,
          hangedman_misty_isle
Temple:   dpeg_five_rooms_temple

Skill      XL: |  1  2  3  4  5  6  7  8  9 10 |
---------------+-------------------------------+-----
Fighting       | 1 2 3 4 5 6 |  6.2
Dodging        | 2 3 4 5 6 |  6.3
Unarmed Combat | 4 5 6 8 9 10 | 10.9
Transmutations | 2 3 4 5 |  5.8
Spellcasting   | |  1.2

Action                   |  1- 3 |  4- 6 |  7- 9 | 10-12 || total
-------------------------+-------+-------+-------+-------++-------
Melee: Unarmed           |    60 |   117 |   293 |   135 ||   605
       Kick              |     4 |    15 |    24 |    14 ||    57
       Punch             |     1 |     1 |     9 |     7 ||    18
       Headbutt          |     1 |     8 |    35 |    25 ||    69
 Cast: Beastly Appendage |     6 |    17 |    37 |    22 ||    82
       Sticks to Snakes  |       |       |       |    10 ||    10
  Use: Scroll            |       |     7 |     9 |       ||    16
       Potion            |       |       |       |     9 ||     9
 Stab: Sleeping          |     1 |     1 |     1 |       ||     3
       Invisible         |       |       |       |     1 ||     1
  Eat: Chunk             |    15 |    12 |    24 |    13 ||    64
Armor: Robe              |    21 |    28 |    64 |    28 ||   141
       Skin              |       |       |       |    26 ||    26
Dodge: Dodged            |    30 |    43 |   163 |   130 ||   366

Table legend:
 A = Non-vault XP
 B = Vault XP
 C = Vault XP percentage of total XP
 D = Non-vault monster count
 E = Vault monster count
 F = Vault count percentage of total count
                 A         B        C        D         E       F
            +---------+---------+-------+---------+---------+-------
      Total |    6613 |    3214 |  32.7 |     153 |      74 |  32.6
            +---------+---------+-------+---------+---------+-------
        D:1 |      15 |       0 |   0.0 |       8 |       0 |   0.0
        D:2 |      49 |       0 |   0.0 |       9 |       0 |   0.0
        D:3 |      53 |      41 |  43.6 |      14 |      16 |  53.3
        D:4 |     235 |       0 |   0.0 |      15 |       0 |   0.0
        D:5 |     346 |     542 |  61.0 |      17 |       7 |  29.2
        D:6 |     405 |     230 |  36.2 |      19 |       2 |   9.5
        D:7 |    1044 |    1000 |  48.9 |      25 |       5 |  16.7
        D:8 |    2176 |       0 |   0.0 |      25 |       0 |   0.0
       D:10 |    1240 |     548 |  30.6 |      16 |       4 |  20.0
       D:11 |    1050 |     463 |  30.6 |       5 |       2 |  28.6
    Ossuary |       0 |     390 | 100.0 |       0 |      38 | 100.0
            +---------+---------+-------+---------+---------+-------
